 Dungeon Crawl Stone Soup version 0.31-a0-523-g071a6c1ffa (webtiles) character file.

Game seed: 6421300955137072723

26799 pokeman the Eclecticist (level 13, -7/72 HPs)
             Began as a Deep Elf Hedge Wizard on Aug 11, 2023.
             Was an Elder of Vehumet.
             Mangled by a vault guard
             ... wielding a +0 great mace
              (12 damage)
             ... on level 14 of the Dungeon.
             The game lasted 00:36:02 (16865 turns).

pokeman the Eclecticist (Deep Elf Hedge Wizard)    Turns: 16865, Time: 00:36:02

Health: -7/72      AC: 10    Str:  9    XL:     13   Next: 0%
Magic:  28/46      EV: 12    Int: 31    God:    Vehumet [****..]
Gold:   1660       SH:  0    Dex: 14    Spells: 23/48 levels left

rFire   . . .        z - +5 halberd of the Final Chapter {flame, rPois rC- rN+ Str+2}
rCold   x . .        (shield currently unavailable)
rNeg    + + .        S - +4 leather armour of Calculation {rN+}
rPois   +            e - +0 helmet
rElec   .            k - +1 cloak {rCorr}
rCorr   +            (no gloves)
SInv    .            (no boots)
Will    +....        P - amulet of the acrobat
Stlth   ++           p - +6 ring of intelligence
HPRegen 0.32/turn    H - ring of magical power
MPRegen 0.30/turn

%: acrobat
@: no status effects
A: no striking features
a: Renounce Religion


You were on level 14 of the Dungeon.
You worshipped Vehumet.
Vehumet was greatly pleased with you.
You visited 2 branches of the dungeon, and saw 15 of its levels.

You collected 1660 gold pieces.

Inventory:

Hand Weapons
 z - the +5 halberd of the Final Chapter (weapon) {flame, rPois rC- rN+ Str+2}
   (You found it on level 5 of the Dungeon)

   Str+2:     It affects your strength (+2).
   rC-:       It makes you vulnerable to cold.
   rPois:     It protects you from poison rN+: It protects you from negative
   energy.
Missiles
 x - a curare-tipped dart
 J - 2 throwing nets
Armour
 c - a +0 kite shield of reflection
 e - a +0 helmet (worn)
 k - a +1 cloak of preservation (worn)
 v - a +2 buckler
 y - a scarf of resistance
 S - the +4 leather armour of Calculation (worn) {rN+}
   (You took it off an orc wizard on level 8 of the Dungeon)

   rN+:       It protects you from negative energy.
Magical Staves
 o - a staff of fire
 N - a staff of cold
Jewellery
 p - a +6 ring of intelligence (left hand)
 s - an amulet of faith
 H - a ring of magical power (right hand)
 P - an amulet of the acrobat (around neck)
Wands
 u - a wand of flame (5)
 B - a wand of mindburst (28)
 C - a wand of digging (6)
 U - a wand of polymorph (5)
 X - a wand of roots (7)
Scrolls
 f - a scroll of amnesia
 h - a scroll of enchant armour
 l - a scroll of enchant weapon
 m - 2 scrolls of poison
 w - a scroll of teleportation
 A - a scroll of identify
 M - a scroll of revelation
 Q - 5 scrolls of blinking
 R - a scroll of butterflies {unknown}
 T - 3 scrolls of brand weapon {unknown}
Potions
 a - 3 potions of enlightenment {unknown}
 b - a potion of experience {unknown}
 d - a potion of magic
 g - a potion of berserk rage {unknown}
 i - 4 potions of mutation {unknown}
 j - 5 potions of heal wounds {unknown}
 n - a potion of cancellation {unknown}
 q - a potion of brilliance {unknown}
 r - 2 potions of haste {unknown}
 t - 4 potions of degeneration {unknown}
 D - 3 potions of ambrosia {unknown}
 I - 2 potions of invisibility {unknown}
 L - 6 potions of curing {unknown}
 V - a potion of lignification {unknown}
Miscellaneous
 O - a phantom mirror


   Skills:
 - Level 5.3 Fighting
 + Level 3.8 Armour
 - Level 3.0 Dodging
 - Level 3.1 Stealth
 - Level 4.0 Shields
 * Level 18.2 Spellcasting
 + Level 10.9 Conjurations
 - Level 1.1 Summonings
 - Level 1.1 Translocations
 + Level 10.6 Fire Magic
 - Level 1.2 Ice Magic
 - Level 2.1 Air Magic
 - Level 1.1 Earth Magic
 - Level 1.0 Poison Magic
 - Level 1.0 Evocations


You had 23 spell levels left.
You knew the following spells:

 Your Spells              Type           Power      Damage    Failure   Level
a - Magic Dart            Conj           100%       1d8       0%          1
b - Mephitic Cloud        Conj/Pois/Air  55%        N/A       1%          3
c - Call Imp              Summ           70%        N/A       1%          2
d - Blink                 Tloc           70%        N/A       1%          2
e - Foxfire               Conj/Fire      100%       2x1d9     0%          1
f - Fireball              Conj/Fire      38%        3d16      1%          5
g - Plasma Beam           Fire/Air       30%        2x1d43    6%          6
h - Lee's Rapid Deconstr  Erth           17%        3d11*     9%          5

Your spell library contained the following spells:

 Spells                   Type           Power      Damage    Failure   Level
 Apportation              Tloc           70%        N/A       1%          1
 Necrotise                Necr           100%       1d9       1%          1
 Slow                     Hex            100%       N/A       1%          1
 Summon Small Mammal      Summ           100%       N/A       1%          1
 Cigotuvi's Dreadful Rot  Necr/Pois/Air  68%        N/A       1%          2
 Lesser Beckoning         Tloc           70%        N/A       1%          2
 Arcjolt                  Conj/Air       31%        1d41      1%          5
 Sublimation of Blood     Necr           28%        N/A       3%          2
 Wereblood                Tmut           28%        N/A       3%          2
 Gell's Gravitas          Tloc           35%        N/A       3%          3
 Teleport Other           Tloc           35%        N/A       3%          3
 Vhi's Electric Charge    Tloc/Air       76%        N/A       3%          3
 Confusing Touch          Hex            28%        N/A       6%          3
 Vampiric Draining        Necr           28%        2d8       6%          3
 Cause Fear               Hex            14%        N/A       19%         4
 Summon Hydra             Summ           17%        N/A       100%        7
 Dragon's Call            Summ           17%        N/A       100%        9


Dungeon Overview and Level Annotations

Branches:
Dungeon (14/15)            Temple (1/1) D:4            Lair (0/5) D:8
    Orc (0/2) D:12         Vaults (0/5) D:14

Altars:
Ashenzari
Cheibriados
Dithmenos
Elyvilon
Fedhas
Gozag
Hepliaklqana
Kikubaaqudgha
Makhleb
Nemelex Xobeh
Okawaru
Qazlal
Ru
Sif Muna
Trog
Uskayaw
Vehumet
Wu Jian
Xom
Yredelemnul
Zin
The Shining One

Shops:
D:5 [   D:13 (

Portals:
Trove: D:11 (give +3 gold dragon scales)

Annotations:
D:3 1 runed translucent door, pigah's ghost, amateur OpSh
D:11 3 runed translucent doors, CraigForest's ghost, journeyman FoFi; Ofeo's ghost, journeyman DsSh; SirDiesAlot's ghost, journeyman OpSh; Sundig's ghost, journeyman VSFi; drugrobin's ghost, journeyman DgDe
D:12 Sun Demon
D:14 1 transporter


Message History

The boulder beetle is engulfed in noxious fumes.
The tengu warrior laughs crazily.
The boulder beetle is engulfed in noxious fumes.
The tengu warrior barely misses the vault guard.
The tengu warrior completely misses the vault guard.
The tengu warrior claws the vault guard but does no damage.
The tengu warrior hits itself with a +0 long sword!
The tengu warrior pecks itself.
The tengu warrior claws itself.
There is a stone staircase leading up here.
Casting: Mephitic Cloud (safe; 1% risk of failure)
Confirm with . or Enter, or press ? or * to list all spells.
Aiming: Fireball (mildly dangerous; 1% risk of failure)
Press: ? - help, Shift-Dir - straight line The fireball explodes!
The fireball engulfs the vault guard!!
The vault guard is moderately wounded.
Unknown command.
Unknown command.
Casting: Fireball (mildly dangerous; 1% risk of failure)
Confirm with . or Enter, or press ? or * to list all spells.
Aiming: Fireball (mildly dangerous; 1% risk of failure)
Press: ? - help, Shift-Dir - straight line The fireball explodes!
The fireball engulfs the vault guard!
The vault guard is heavily wounded.
The fireball engulfs the vault guard!!
The vault guard is heavily wounded.
You hear a shout!
The tengu warrior seems less confused.
A centaur warrior opens the door.
Casting: Fireball (mildly dangerous; 1% risk of failure)
Confirm with . or Enter, or press ? or * to list all spells.
Aiming: Fireball (mildly dangerous; 1% risk of failure)
Press: ? - help, Shift-Dir - straight line, f - vault guard
Aim: a vault guard, wielding a +0 great mace and wearing a +0 plate armour (heavily wounded)
The fireball explodes!
The fireball engulfs the vault guard!
The vault guard is heavily wounded.
The centaur warrior wields a +0 orcbow.
The centaur warrior shoots an arrow.
The arrow hits you!!
* * * LOW HITPOINT WARNING * * *
You hear a roar!
The vault guard hits you with a +0 great mace!
You die...

#Y#..##....##
..8##......#
.~##.......#
##H##........#
©.##...#....##
###....#....#
............######
.................####
.......#@p.##.B......
...........p..###.###
.............pQ...#
...##.......##.p..#
..# ##.....####R..#
.# ##...## ##○.#
##c## ##..# ...D
##.°.# #.○.# ##Q○..#


You could see 4 vault guards, a tengu warrior (reflecting), a centaur warrior,
an efreet and an acid dragon.

Vanquished Creatures
  Snorg (D:11)
  Josephine (D:11)
  A centaur warrior (D:13)
  4 two-headed ogres
  2 tengu warriors (D:13)
  A soul eater (D:12)
  7 deep elf zephyrmancers (D:13)
  3 deep elf pyromancers
  3 cyclopes
  An ugly thing (D:13)
  An orange demon (D:12)
  Maurice (D:11)
  A gargoyle (D:10)
  An unseen horror (D:10)
  Psyche (D:10)
  A komodo dragon (D:10)
  A tengu conjurer (D:13)
  An efreet (D:13)
  2 ice devils
  4 trolls
  Prince Ribbit (D:6)
  7 slime creatures (D:12)
  6 wraiths
  12 yaks
  A wyvern (shapeshifter) (D:10)
  A basilisk (D:13)
  2 chaos spawn (D:12)
  A steam dragon (D:7)
  7 vampire mosquitoes
  A neqoxec (D:12)
  7 acid dragons
  Duvessa (D:4)
  3 water moccasins
  A sky beast (D:6)
  2 ice beasts
  A black bear (D:7)
  2 ogres
  2 wolves (D:8)
  5 centaurs
  A phantom (D:5)
  2 kobold brigands (D:4)
  3 bullfrogs
  3 gnoll sergeants
  3 scorpions
  11 wights (D:8)
  Dowan (D:4)
  3 electric eels (D:8)
  5 howler monkeys
  A crimson imp (D:9)
  4 quasits
  2 gnoll boudas
  5 hounds
  7 orc priests
  3 iguanas
  A jelly (D:6)
  A sleepcap (D:8)
  Ijyb (D:5)
  17 orc wizards
  29 gnolls
  6 adders
  A shadow imp (D:8)
  A worm (D:2)
  A dart slug (D:1)
  41 orcs
  6 ball pythons
  8 bats
  An endoplasm (D:3)
  13 goblins
  5 hobgoblins
  4 jackals (D:2)
  8 quokkas
  4 frilled lizards
  4 kobolds
  5 rats
312 creatures vanquished.

Vanquished Creatures (collateral kills)
  A yak (D:12)
1 creature vanquished.

Vanquished Creatures (others)
  A deep elf pyromancer (D:14)
  A yak (D:7)
  A vampire mosquito (D:11)
  81 foxfires
84 creatures vanquished.

Grand Total: 397 creatures vanquished

Notes
Turn   | Place    | Note
-------+----------+-------------------------------------------
     0 | D:1      | pokeman the Deep Elf Hedge Wizard began the quest for the
                  | Orb.
     0 | D:1      | Reached XP level 1. HP: 10/10 MP: 7/7
   270 | D:1      | Reached XP level 2. HP: 15/15 MP: 7/9
  1230 | D:2      | Reached skill level 5 in Spellcasting
  1529 | D:2      | Reached XP level 3. HP: 20/20 MP: 8/11
  1533 | D:2      | Learned a level 3 spell: Mephitic Cloud
  1536 | D:2      | Learned a level 2 spell: Call Imp
  1539 | D:2      | Learned a level 2 spell: Blink
  1651 | D:2      | Found a faded altar of an unknown god.
  1681 | D:2      | HP: 1/20 [hobgoblin/+0 hand axe (6)]
  1843 | D:2      | Reached skill level 1 in Fighting
  2176 | D:2      | Reached skill level 1 in Armour
  2426 | D:3      | Reached XP level 4. HP: 13/25 MP: 2/13
  2900 | D:3      | Found a runed translucent door.
  2906 | D:3      | Noticed pigah's ghost (amateur OpSh)
  3138 | D:3      | Found a broken altar of Ashenzari.
  3578 | D:4      | Noticed a kobold brigand
  3711 | D:4      | Reached skill level 6 in Spellcasting
  3711 | D:4      | Reached XP level 5. HP: 29/29 MP: 10/15
  3880 | D:4      | Found a radiant altar of Vehumet.
  3886 | D:4      | Became a worshipper of Vehumet
  3903 | D:4      | Reached skill level 1 in Fire Magic
  3903 | D:4      | Reached skill level 1 in Poison Magic
  3903 | D:4      | Reached skill level 1 in Evocations
  3903 | D:4      | Reached XP level 6. HP: 27/34 MP: 9/17
  4128 | D:4      | Found a staircase to the Ecumenical Temple.
  4156 | D:4      | Reached skill level 1 in Air Magic
  4244 | D:4      | Noticed Dowan
  4250 | D:4      | Noticed Duvessa
  4259 | D:4      | Killed Dowan
  4392 | D:4      | Killed Duvessa
  4393 | D:4      | Reached skill level 7 in Spellcasting
  4526 | D:4      | Found a hide-covered altar of Uskayaw.
  4533 | D:4      | Reached XP level 7. HP: 38/38 MP: 15/19
  4740 | D:5      | Entered Level 5 of the Dungeon
  4740 | D:5      | Found a basalt altar of Yredelemnul.
  4837 | D:5      | Identified the +5 halberd of the Final Chapter {flame,
                  | rPois rC- rN+ Str+2}
  4944 | D:5      | Noticed Ijyb
  4955 | D:5      | Killed Ijyb
  5085 | D:5      | Reached skill level 8 in Spellcasting
  5121 | D:5      | Reached * piety under Vehumet
  5121 | D:5      | Offered knowledge of Freeze by Vehumet.
  5510 | D:5      | Found Mueluph's Antique Armour Emporium.
  5575 | D:5      | Found a glowing silver altar of Zin.
  5664 | D:6      | Reached XP level 8. HP: 44/44 MP: 14/22
  5692 | D:6      | Reached skill level 9 in Spellcasting
  6380 | D:6      | Noticed Prince Ribbit
  6388 | D:6      | Reached skill level 5 in Conjurations
  6388 | D:6      | Killed Prince Ribbit
  6389 | D:6      | Reached skill level 10 in Spellcasting
  6685 | D:7      | HP: 2/44 [gnoll bouda/+0 club (4)]
  6963 | D:7      | Learned a level 5 spell: Fireball
  7212 | D:7      | Reached XP level 9. HP: 12/48 MP: 25/25
  7216 | D:7      | Reached skill level 5 in Fire Magic
  7454 | D:7      | Reached skill level 11 in Spellcasting
  7485 | D:7      | Offered knowledge of Foxfire by Vehumet.
  7490 | D:7      | Learned a level 1 spell: Foxfire
  7801 | D:7      | Noticed a deep elf pyromancer
  7806 | D:7      | Killed a deep elf pyromancer
  7806 | D:7      | Reached ** piety under Vehumet
  7807 | D:7      | Reached skill level 12 in Spellcasting
  7861 | D:8      | Found a stormy altar of Qazlal.
  8280 | D:8      | Noticed a troll
  8282 | D:8      | Reached XP level 10. HP: 56/56 MP: 28/28
  8332 | D:8      | Offered knowledge of Inner Flame by Vehumet.
  8335 | D:8      | Identified the +4 leather armour of Calculation {rN+}
  8432 | D:8      | Reached *** piety under Vehumet
  8531 | D:8      | Found a staircase to the Lair.
  8727 | D:8      | Reached skill level 13 in Spellcasting
  9089 | D:9      | Found a sparkling altar of Nemelex Xobeh.
  9289 | D:9      | You fall into a shaft and drop 3 floors!
  9306 | D:12     | Noticed a two-headed ogre
  9316 | D:12     | Killed a two-headed ogre
  9317 | D:12     | Reached skill level 1 in Ice Magic
  9468 | D:12     | Offered knowledge of Ignite Poison by Vehumet.
  9577 | D:12     | Reached skill level 14 in Spellcasting
  9973 | D:12     | Reached XP level 11. HP: 62/62 MP: 24/31
 10130 | D:12     | Noticed a sun demon
 10145 | D:11     | Found a portal to a secret trove of treasure.
 10153 | D:11     | Noticed a two-headed ogre
 10175 | D:11     | HP: 1/62 [vampire mosquito (3)]
 10197 | D:11     | Killed a two-headed ogre
 10198 | D:11     | Reached skill level 5 in Fighting
 10199 | D:10     | Entered Level 10 of the Dungeon
 10330 | D:10     | Noticed Psyche
 10362 | D:10     | Killed Psyche
 10682 | D:10     | Learned a level 6 spell: Plasma Beam
 10688 | D:9      | Reached **** piety under Vehumet
 10826 | D:9      | Offered knowledge of Lee's Rapid Deconstruction by Vehumet.
 10827 | D:9      | Reached skill level 15 in Spellcasting
 10836 | D:9      | Learned a level 5 spell: Lee's Rapid Deconstruction
 11066 | D:9      | Reached skill level 1 in Earth Magic
 11341 | D:9      | Found a burning altar of Makhleb.
 11357 | D:9      | Found a shimmering altar of Xom.
 11543 | D:9      | Identified a scroll of acquirement
 11658 | Temple   | Entered the Ecumenical Temple
 11680 | Temple   | Acquired 736 gold pieces
 12137 | D:10     | Found an iron altar of Okawaru.
 12525 | D:11     | Noticed Snorg
 12531 | D:11     | Killed Snorg
 12532 | D:11     | Reached skill level 1 in Shields
 12887 | D:11     | Found a runed translucent gate.
 12887 | D:11     | Found a runed translucent gate.
 12983 | D:11     | Found a runed translucent gate.
 12984 | D:11     | Noticed CraigForest's ghost (journeyman FoFi)
 12984 | D:11     | Noticed Sundig's ghost (journeyman VSFi)
 12985 | D:11     | Noticed Ofeo's ghost (journeyman DsSh)
 12985 | D:11     | Noticed SirDiesAlot's ghost (journeyman OpSh)
 12985 | D:11     | Noticed drugrobin's ghost (journeyman DgDe)
 13069 | D:11     | Noticed Josephine
 13074 | D:11     | Killed Josephine
 13075 | D:11     | Reached skill level 16 in Spellcasting
 13347 | D:11     | Noticed Maurice
 13349 | D:11     | Killed Maurice
 13524 | D:11     | Found an ornate altar of the Wu Jian Council.
 13689 | D:11     | Reached XP level 12. HP: 64/68 MP: 34/34
 14495 | D:12     | Found a staircase to the Orcish Mines.
 14598 | D:12     | Noticed a two-headed ogre
 14600 | D:12     | Killed a two-headed ogre
 14601 | D:12     | Reached skill level 10 in Conjurations
 14916 | D:12     | Reached skill level 17 in Spellcasting
 15606 | D:13     | Noticed a two-headed ogre
 15612 | D:13     | Killed a two-headed ogre
 15649 | D:13     | Noticed a centaur warrior
 15652 | D:13     | Killed a centaur warrior
 15716 | D:13     | Noticed a tengu warrior
 15718 | D:13     | Killed a tengu warrior
 15719 | D:13     | Reached skill level 10 in Fire Magic
 16037 | D:13     | Found Tazaskos's Antique Weapon Emporium.
 16080 | D:13     | Reached skill level 18 in Spellcasting
 16277 | D:13     | Noticed a tengu warrior
 16414 | D:13     | Killed a tengu warrior
 16512 | D:13     | Reached XP level 13. HP: 72/72 MP: 35/37
 16813 | D:14     | Noticed a sphinx
 16824 | D:14     | Found a transporter.
 16844 | D:14     | Found a gate to the Vaults.
 16865 | D:14     | Mangled by a vault guard

Illustrated notes

Levels and vault maps discovered:
D:1:      elethiomel_arrival_infinity_welcomes_careful_drivers, layout_basic,
          minmay_tetromino_s4
D:2:      layout_basic, shapermc_ecumenical_altar_starsandcircs,
          kennysheep_donut
D:3:      layout_basic, mainiacjoe_overflow_alcove_2, ebering_ghost_sewer_d
D:4:      layout_basic, nicolae_uskayaw_suspiria, nicolae_vehumet_altar_sigil,
          minmay_temple_entry_tees, st_stairs_9, nicolae_nh_ransacked_shop,
          uniq_duvessa
D:5:      layout_basic, yredelemnul_altar_generic, kennysheep_mini_moat,
          serial_shops, shop, uniq_ijyb
D:6:      layout_loops_ring, uniq_prince_ribbit1
D:7:      minmay_slanted_spiral_squares, layout_rooms, kennysheep_nub,
          guppyfry_early_elven_hall
D:8:      layout_loops_ring, mainiacjoe_overflow_surrounded_room,
          erik_lair_island
D:9:      layout_stronghold, grunt_temple_overflow_champion_of_chaos,
          mainiacjoe_overflow_six_doors_small
D:10:     layout_irregular_city, old_standard_altar, uniq_psyche
D:11:     layout_loops_cross, enter_trove_1, gammafunk_ghost_cemetery,
          nicolae_wu_jian_immortal_techniques, uniq_maurice, uniq_josephine,
          uniq_snorg
D:12:     layout_roguey, orc_0_dummy, serial_demonic, serial_demonic_f,
          serial_demonic_d, serial_demonic_a, serial_demonic_a
D:13:     layout_long_grid, serial_shops, nicolae_shop_trees,
          elves_outpost_lemuel
D:14:     layout_cave_pools, lightli_vaults_fourway_checkpoint,
          nzn_ghost_randoct, nicolae_the_louvre, lemuel_old_faithful,
          uniq_frances, uniq_jorgrun
Temple:   nicolae_temple_x_marks_the_god

Skill      XL: |  1  2  3  4  5  6  7  8  9 10 11 12 |
---------------+-------------------------------------+-----
Spellcasting   | 5 6 7 8 10 12 14 16 18 | 18.2
Conjurations   | 2 3 4 5 7 8 9 10 | 10.9
Fighting       | 1 2 3 4 5 |  5.3
Armour         | 1 2 3 |  3.8
Stealth        | 3 |  3.1
Dodging        | 3 |  3.0
Fire Magic     | 1 2 3 4 6 7 9 10 | 10.6
Poison Magic   | 1 |  1.0
Evocations     | 1 |  1.0
Air Magic      | 1 2 |  2.1
Ice Magic      | 1 |  1.2
Earth Magic    | 1 |  1.1
Shields        | 2 4 |  4.0
Summonings     | |  1.1
Translocations | |  1.1

Action                     |  1- 3 |  4- 6 |  7- 9 | 10-12 | 13-15 || total
---------------------------+-------+-------+-------+-------+-------++-------
  Melee: Dagger            |    22 |    43 |    18 |       |       ||    83
         Punch             |       |     1 |       |       |       ||     1
         Halberd           |       |       |   104 |    32 |     1 ||   137
         Unarmed           |       |       |       |     7 |       ||     7
   Cast: Magic Dart        |   126 |    54 |    66 |     5 |       ||   251
         Mephitic Cloud    |       |    12 |    31 |    11 |     3 ||    57
         Call Imp          |       |     3 |     8 |     6 |       ||    17
         Blink             |       |     1 |       |     7 |       ||     8
         Fireball          |       |       |    14 |   218 |     5 ||   237
         Foxfire           |       |       |    10 |    38 |       ||    48
         Lee's Rapid Decon |       |       |       |     6 |       ||     6
         Plasma Beam       |       |       |       |     4 |       ||     4
  Evoke: Wand              |       |       |       |     5 |       ||     5
    Use: Scroll            |       |       |       |    15 |       ||    15
   Stab: Confused          |       |     5 |    14 |     4 |       ||    23
         Distracted        |       |       |     1 |       |       ||     1
 Armour: Robe              |    26 |     5 |     7 |     1 |       ||    39
         Leather armour    |       |       |       |    15 |       ||    15
  Dodge: Dodged            |    40 |    29 |    55 |    64 |     2 ||   190

Table legend: (Time is in decaauts)
 A = Elapsed time spent in this place.
 B = Non-inter-level travel time spent in this place.
 C = Inter-level travel time spent in this place.
 D = Time resting spent in this place.
 E = Time spent auto-exploring this place.
 F = Levels seen in this place.
 G = Mean time per level.
                   A        B        C        D        E       F      G
               +--------+--------+--------+--------+--------+-----+--------+
         Total |  16951 |  16328 |    623 |   1603 |  12504 |  15 | 1130.1 |
       Dungeon |  16924 |  16304 |    620 |   1603 |  12504 |  14 | 1208.9 |
        Temple |     26 |     23 |      3 |      0 |      0 |   1 |   26.0 |
               +--------+--------+--------+--------+--------+-----+--------+

Top non-repeatable levels by time:
    D:12: 2135 daAuts
    D:11: 1713 daAuts
     D:3: 1358 daAuts
    D:13: 1346 daAuts
     D:7: 1335 daAuts
     D:9: 1284 daAuts
     D:2: 1237 daAuts
     D:4: 1154 daAuts
    D:10: 1140 daAuts
     D:8: 1129 daAuts
     D:1: 1056 daAuts
     D:6: 996 daAuts
     D:5: 933 daAuts
    D:14: 102 daAuts
  Temple: 26 daAuts
